 Dungeon Crawl Stone Soup version 0.31-a0-1236-gaa9e43cceb (webtiles) character file.

Game seed: 5585189147494810477

23 Bnni the Shooter (level 3, 22/22 HPs)
             Began as a Tengu Hunter on Dec 15, 2023.
             Was a Follower of Yredelemnul.
             Quit the game on level 1 of the Dungeon.
             The game lasted 00:00:50 (663 turns).

Bnni the Shooter (Tengu Hunter)                      Turns: 663, Time: 00:00:50

Health: 22/22      AC:  3    Str: 11    XL:     3   Next: 0%
Magic:  4/4        EV: 12    Int:  9    God:    Yredelemnul [*.....]
Gold:   55         SH:  0    Dex: 19    Spells: 2/2 levels left

rFire   . . .        a - +0 shortbow
rCold   . . .        (shield currently unavailable)
rNeg    . . .        c - +0 leather armour
rPois   .            (helmet restricted)
rElec   .            (no cloak)
rCorr   .            (no gloves)
SInv    .            (boots unavailable)
Will    .....        (no amulet)
Stlth   ++           (no ring)
HPRegen 0.23/turn    (no ring)
MPRegen 0.09/turn

%: acrobat
@: no status effects
A: beak, talons 3, acrobatic
a: Renounce Religion, Recall Undead Harvest


You were on level 1 of the Dungeon.
You worshipped Yredelemnul.
Yredelemnul was noncommittal.
You visited 1 branch of the dungeon, and saw 1 of its levels.

You collected 55 gold pieces.

Inventory:

Hand Weapons
 a - a +0 shortbow (weapon)
Armour
 c - a +0 leather armour (worn)
Jewellery
 g - a +6 ring of intelligence
Scrolls
 b - a scroll of butterflies
 e - a scroll of immolation {unknown}
 f - a scroll of noise {unknown}
 h - a scroll of enchant weapon {unknown}
Potions
 d - 2 potions of brilliance {unknown}


   Skills:
 + Level 2.3 Fighting
 * Level 4.9 Ranged Weapons
 + Level 2.6 Dodging
 - Level 1.0 Stealth


You had 2 spell levels left.
You didn't know any spells.
Your spell library was empty.

Dungeon Overview and Level Annotations

Branches:
Dungeon (1/15)

Altars:
Yredelemnul


Innate Abilities, Weirdness & Mutations

You have a beak for a mouth.
You have claws for feet.
You can magically evade attacks while moving or waiting.


Message History

You now have 55 gold pieces (gained 14).
Key pressed, stopping explore.
No target in view!
A bat comes into view.
You see here a scroll labelled AHIOGR CAFIU.
You shoot an arrow. The arrow hits the bat.
The bat is heavily wounded.
The bat misses you.
You shoot an arrow. The arrow barely misses the bat.
The bat closely misses you. The bat barely misses you.
A bat is nearby!
You shoot an arrow. The arrow misses the bat.
The bat hits you. x2
A bat is nearby!
You shoot an arrow. The arrow hits the bat.
You kill the bat!
You have reached level 3!
Your experience leads to an increase in your attributes!
Increase (S)trength, (I)ntelligence, or (D)exterity?
You feel agile. x2
h - a scroll labelled AHIOGR CAFIU You see here a bat corpse.
Found a faded altar of an unknown god.
No target in view!
You see here a +0 club.
You see here a hobgoblin corpse.
Found a short sword.
Search for what [? for help]? alt
There is a faded altar of an unknown god here.
This altar belongs to (a) Fedhas, (b) Hepliaklqana or (c) Yredelemnul, but you can't tell which.
Press the corresponding letter to learn more about a god, or press enter to convert or escape to cancel.
Yredelemnul accepts your prayer! Yredelemnul welcomes you!
You can now reap souls.
You can now recall your undead harvest.
No target in view!
Fire: a) +0 shortbow
Press: ? - help, Shift-Dir - straight line, f - ball python zombie
Aim: a ball python zombie (friendly, 77% to hit)
Okay, then.
Unknown command.
Press < or > to pray at altars.
Are you sure you want to abandon this character and quit the game? (Confirm with "yes".)

..#.##..#.##..#.##..#######..###
##....##....##..).### ##...##
.#.##..#.##..#.##..## #...รท.
#..##.#..##.#..##.#.# #...>.
##....##....##....#### #.....
..##.#..##.#..##.#...# ####.#
..#.##..#.##..#.##...# #.#
#######.######.Z..#..# #..
...............Z@ZZ.## #..
##################### ###..
#.... #.### #.# #.# #.### #....
#####


You could see a friendly bat zombie, a friendly ball python zombie, a friendly
adder zombie and a friendly quokka zombie.

Vanquished Creatures
  A bat (D:1)
  2 endoplasms (D:1)
  A giant cockroach (D:1)
  2 goblins (D:1)
  3 hobgoblins (D:1)
  2 jackals (D:1)
  2 quokkas (D:1)
  3 ball pythons (D:1)
  2 frilled lizards (D:1)
  A kobold (D:1)
  A rat (D:1)
20 creatures vanquished.

Notes
Turn   | Place    | Note
-------+----------+-------------------------------------------
     0 | D:1      | Bnni the Tengu Hunter began the quest for the Orb.
     0 | D:1      | Reached XP level 1. HP: 12/12 MP: 2/2
    71 | D:1      | Reached XP level 2. HP: 3/17 MP: 3/3
   461 | D:1      | Reached XP level 3. HP: 20/22 MP: 4/4
   543 | D:1      | Found a faded altar of an unknown god.
   662 | D:1      | Prayed at the altar of an unknown god.
   662 | D:1      | Became a worshipper of Yredelemnul the Dark
   662 | D:1      | Reached * piety under Yredelemnul
   663 | D:1      | Quit the game

Illustrated notes

Levels and vault maps discovered:
D:1:      psy_arrival_terrarium, layout_basic, basic_ecumenical_altar,
          nicolae_eternal_life, st_stairs_6, nicolae_twisty_statue_hallways

Action                     || total
---------------------------++-------
   Fire: Shortbow          ||    47
 Armour: Leather armour    ||    16
  Dodge: Dodged            ||    18

Table legend: (Time is in decaauts)
 A = Elapsed time spent in this place.
 B = Non-inter-level travel time spent in this place.
 C = Inter-level travel time spent in this place.
 D = Time resting spent in this place.
 E = Time spent auto-exploring this place.
 F = Levels seen in this place.
 G = Mean time per level.
                   A        B        C        D        E       F      G
               +--------+--------+--------+--------+--------+-----+--------+
         Total |    674 |    632 |     42 |     60 |    482 |   1 |  674.0 |
       Dungeon |    674 |    632 |     42 |     60 |    482 |   1 |  674.0 |
               +--------+--------+--------+--------+--------+-----+--------+

Top non-repeatable levels by time:
     D:1: 674 daAuts
